[Event "Team 45 45 League T72"]
[Site "Internet Chess Club"]
[Date "2017.03.26"]
[Round "2"]
[White "Coolio9000"]
[Black "Aquaman"]
[Result "1-0"]
[WhiteElo "1296"]
[BlackElo "1368"]
[Opening "Sicilian: Grand Prix attack"]
[ECO "B23"]
[Time "15:33:51"]
[TimeControl "2700+45"]

1. e4 c5 2. Nc3 Nc6 3. f4 e6 4. Nf3 g6 5. Be2 Bg7 6. O-O Nge7 7. d3 O-O 8. Qe1
Nb4 9. Bd1 Re8 10. a3 Nbc6 11. f5 exf5 12. Qh4 f6 13. Bh6 g5 14. Nxg5 fxg5 15.
Qxg5 Ng6 16. Qh5 Qh4 17. Bxg7 Qxh5 18. Bxh5 Kxg7 19. exf5 Kh6 20. Bxg6 hxg6 21.
f6 Rf8 22. Rae1 Rf7 23. Ne4 b6 24. Nd6 Rf8 25. f7 Kg7 26. Re3 Ba6 27. g4 Kh6 28.
Re8 Kg7 29. g5 Nd4 30. Re7 Rad8 31. Rf4 Ne6 32. Ne8+ Rdxe8 33. fxe8=Q+ Kg8 34.
Qxg6+ Ng7 35. Qxg7# {Black checkmated} 1-0

[Event "Team 45 45 League T72"]
[Site "Internet Chess Club"]
[Date "2017.03.25"]
[Round "2"]
[White "pishd"]
[Black "MarcB"]
[Result "1/2-1/2"]
[WhiteElo "1776"]
[BlackElo "1693"]
[Opening "Queen's pawn game"]
[ECO "D02"]
[Time "13:14:30"]
[TimeControl "2700+45"]

1. d4 d5 2. Nf3 c6 3. e3 Nf6 4. Nbd2 e6 5. Bd3 Bd6 6. O-O Nbd7 7. Qe2 e5 8. e4
dxe4 9. Nxe4 Nxe4 10. Qxe4 Nf6 11. Qh4 exd4 12. Re1+ Be7 13. Bg5 Be6 14. Nxd4
Qd7 15. Nxe6 fxe6 16. Bg6+ Kd8 17. Rad1 Bd6 18. Bxf6+ gxf6 19. Qxf6+ Kc7 20. Bh5
Raf8 21. Qxe6 Qxe6 22. Rxe6 Bc5 23. Bf3 Rd8 24. Ree1 Rxd1 25. Rxd1 Rd8 26. Rd3
Rxd3 27. cxd3 Bd4 28. b3 Kb6 29. Kf1 Kb5 30. a3 Bb2 31. a4+ Kb4 32. Bd1 Kc3 33.
Ke2 Kd4 34. f4 b5 35. g4 Bc1 36. f5 Bg5 37. Bc2 Kc3 38. Bd1 a5 39. d4 b4 40. Kf3
Kxd4 41. Be2 c5 42. Kg3 h6 43. h4 Bf6 44. g5 hxg5 45. hxg5 Bxg5 46. Kg4 Bf6 47.
Kh5 Ke4 48. Kg6 Ke5 49. Bd3 Bh8 50. Kf7 Bf6 51. Ke8 Kd6 52. Kf7 Ke5 53. Ke8 Kd6
{Game drawn by mutual agreement} 1/2-1/2

[Event "Team 45 45 League T72"]
[Site "Internet Chess Club"]
[Date "2017.03.25"]
[Round "2"]
[White "fireball"]
[Black "idjit"]
[Result "0-1"]
[WhiteElo "1556"]
[BlackElo "1594"]
[Opening "French: Wing gambit"]
[ECO "C00"]
[Time "10:04:09"]
[TimeControl "2700+45"]

1. e4 e6 2. Nf3 d5 3. e5 c5 4. b4 Qb6 5. bxc5 Bxc5 6. d4 Be7 7. Bd3 Nc6 8. c3 f6
9. O-O fxe5 10. dxe5 Nh6 11. Bxh6 gxh6 12. Qc2 Bd7 13. Bxh7 O-O-O 14. Bd3 Rdf8
15. Nbd2 Rhg8 16. Rab1 Qc7 17. Rfe1 Bc5 18. Qb2 Be8 19. Nb3 Bb6 20. Nfd4 Nxe5
21. Qe2 Ng4 22. g3 Nxf2 23. Qxe6+ Bd7 24. Qe2 Rxg3+ {White resigns} 0-1

[Event "Team 45 45 League T72"]
[Site "Internet Chess Club"]
[Date "2017.03.24"]
[Round "2"]
[White "Kingofknights"]
[Black "nidusin2"]
[Result "0-1"]
[WhiteElo "1504"]
[BlackElo "1572"]
[Opening "Old Indian defense"]
[ECO "A53"]
[Time "19:00:53"]
[TimeControl "2700+45"]

1. d4 d6 2. c4 Nf6 3. Nc3 Nbd7 4. e4 e5 5. d5 Be7 6. Bd3 O-O 7. Be3 c6 8. dxc6
bxc6 9. f3 Nh5 10. Nge2 Bg5 11. Qd2 Bxe3 12. Qxe3 Nc5 13. Bc2 Qh4+ 14. Kd2 Ba6
15. b3 Rad8 16. g4 Nf6 17. Rag1 Bc8 18. Ng3 Ne8 19. Nf5 Bxf5 20. gxf5 Qf4 21.
Qxf4 exf4 22. Rg4 Nd7 23. Rxf4 Ne5 24. Ke3 Nf6 25. Rg1 h6 26. Rh4 Kh8 27. h3 d5
28. exd5 cxd5 29. Nxd5 Nxd5+ 30. cxd5 Rxd5 31. Be4 Rd6 32. f4 Nd7 33. Rhg4 Rg8
34. Rc1 Nf6 35. Rg2 Re8 36. Rc4 Rd1 37. Re2 Rh1 38. Kf3 Rxh3+ 39. Kg2 Rh5 40.
Kg3 Nxe4+ 41. Rexe4 Rxe4 42. Rxe4 Rxf5 43. Ra4 a5 44. b4 axb4 45. Rxb4 Ra5 46.
a4 Kh7 47. Kg4 Kg6 48. Rb6+ f6 49. Rb4 h5+ 50. Kh4 Kh6 51. Rc4 g5+ 52. fxg5+
fxg5+ 53. Kg3 Kg6 54. Rb4 Rc5 55. Rb3 h4+ 56. Kh3 Kh5 57. Ra3 g4+ 58. Kg2 Rc2+
59. Kg1 h3 60. a5 Kh4 61. Ra1 h2+ 62. Kh1 Kh3 63. a6 g3 64. a7 g2# {White
checkmated} 0-1

[Event "Team 45 45 League T72"]
[Site "Internet Chess Club"]
[Date "2017.03.28"]
[Round "2"]
[White "Skeptic1972"]
[Black "drsigmund1"]
[Result "1-0"]
[WhiteElo "1603"]
[BlackElo "1416"]
[Opening "French: Winawer, advance variation"]
[ECO "C18"]
[Time "14:48:05"]
[TimeControl "2700+45"]

1. e4 e6 2. d4 d5 3. Nc3 Bb4 4. e5 c5 5. a3 Bxc3+ 6. bxc3 Qa5 7. Bd2 Qa4 8. Nf3
Nc6 9. Be3 c4 10. Be2 Nge7 11. O-O O-O 12. Nh4 h6 13. f4 Nf5 14. Nxf5 exf5 15.
Qd2 Nd8 16. Rfb1 b6 17. Rb4 Qd7 18. a4 Nc6 19. Rb2 Qe7 20. Rb5 Ba6 21. Rxd5 Rfd8
22. Rxd8+ Rxd8 23. d5 Nb8 24. d6 Qe6 25. Bf3 Nd7 26. a5 Nc5 27. axb6 axb6 28.
Bxc5 bxc5 29. Rxa6 g5 30. Qd5 g4 31. Qxe6 fxe6 {Black resigns} 1-0

[Event "Team 45 45 League T72"]
[Site "Internet Chess Club"]
[Date "2017.03.22"]
[Round "2"]
[White "VictorRed"]
[Black "AdithJosh"]
[Result "1-0"]
[WhiteElo "1695"]
[BlackElo "1662"]
[Opening "Queen's pawn game, Krause variation"]
[ECO "D02"]
[Time "18:03:57"]
[TimeControl "2700+45"]

1. d4 d5 2. Nf3 c5 3. g3 cxd4 4. Nxd4 e5 5. Nf3 Nc6 6. Bg2 h6 7. O-O Nf6 8. a3
a5 9. Nc3 Bc5 10. Ne1 e4 11. e3 Ne5 12. Ne2 Bg4 13. Kh1 Qd7 14. b3 Qb5 15. Nc3
Qd7 16. Qd2 Rd8 17. Na4 Qc7 18. Nxc5 Qxc5 19. h3 Bf3 20. Bb2 Qc7 21. Kh2 O-O 22.
Bxe5 Qxe5 23. Nxf3 exf3 24. Bxf3 Ne4 25. Qxa5 Nxf2 26. Rxf2 Qxa1 27. Bxd5 Qe5
28. Bxf7+ Rxf7 29. Qxd8+ Kh7 30. Rxf7 Qh5 31. Qd3+ {Black resigns} 1-0

[Event "Team 45 45 League T72"]
[Site "Internet Chess Club"]
[Date "2017.03.26"]
[Round "2"]
[White "viktory"]
[Black "Heian"]
[Result "0-1"]
[WhiteElo "1629"]
[BlackElo "1639"]
[Opening "QGD semi-Slav"]
[ECO "D43"]
[Time "12:37:04"]
[TimeControl "2700+45"]

1. d4 e6 2. c4 d5 3. Nc3 c6 4. Nf3 Nf6 5. Bg5 Be7 6. e3 Ne4 7. Bxe7 Qxe7 8. Bd3
f5 9. O-O Kf8 10. Ne5 Nd7 11. f4 Nxe5 12. fxe5 g6 13. Bxe4 dxe4 14. Nxe4 Kg7 15.
Nd6 b6 16. Qa4 Bd7 17. Qd1 Rhf8 18. Rb1 c5 19. Qf3 Rab8 20. a3 Qd8 21. b4 Qc7
22. Rb2 Bc6 23. Qe2 Be4 24. Rf4 Ba8 25. b5 Rbd8 26. Rd2 cxd4 27. exd4 Rxd6 28.
exd6 Qxd6 29. Qe5+ Qxe5 30. dxe5 Rf7 31. Rd6 Be4 32. Rxe6 Rc7 33. Rd6 Kf7 34.
Rf1 Ke7 35. Rc1 Rc5 36. Rcd1 Rxc4 37. Rd7+ Ke6 38. Rxh7 Kxe5 39. Rxa7 Rc2 40. g3
Rg2+ 41. Kf1 Rxh2 42. Ra1 Rh1+ 43. Kf2 Rxa1 44. Ra6 Kd4 45. Rxb6 Ra2+ 46. Ke1
Rxa3 47. Rxg6 Ke3 48. Rd6 Rb3 49. b6 Rb1+ 50. Rd1 Rxb6 51. Rc1 Rb1 52. Rxb1 Bxb1
53. Kf1 Kf3 54. Kg1 Kxg3 55. Kf1 f4 56. Kg1 f3 57. Kh1 Bd3 58. Kg1 f2+ 59. Kh1
Be4# {White checkmated} 0-1

[Event "Team 45 45 League T72"]
[Site "Internet Chess Club"]
[Date "2017.03.25"]
[Round "2"]
[White "EFXBT"]
[Black "armand068new"]
[Result "0-1"]
[WhiteElo "1511"]
[BlackElo "1534"]
[Opening "QGD semi-Slav: 5.e3"]
[ECO "D45"]
[Time "19:00:39"]
[TimeControl "2700+45"]

1. d4 d5 2. c4 c6 3. e3 e6 4. Nc3 Nf6 5. Nf3 Be7 6. Bd3 c5 7. dxc5 Bxc5 8. cxd5
exd5 9. O-O Be6 10. Bb5+ Nc6 11. a3 O-O 12. b4 Bd6 13. Bb2 Bg4 14. h3 Bxf3 15.
Qxf3 Ne5 16. Qe2 a6 17. Ba4 b5 18. Bb3 Nc4 19. Rfd1 Rc8 20. g3 Re8 21. Nxd5 Nxd5
22. Rxd5 Qc7 23. Kg2 Qc6 24. Rd1 Nb6 25. Qf3 Nxd5 26. Bxd5 Qc7 27. Qg4 Bf8 28.
Rc1 Qd8 29. Qf5 Rc7 30. Rxc7 Qxc7 31. Be4 Rxe4 32. Qxe4 h6 33. Qd4 a5 34. Qe4
axb4 35. axb4 Qe7 36. Bc3 Qxe4+ {White resigns} 0-1

[Event "Team 45 45 League T72"]
[Site "Internet Chess Club"]
[Date "2017.03.24"]
[Round "2"]
[White "Constrictor"]
[Black "Portola"]
[Result "1/2-1/2"]
[WhiteElo "1590"]
[BlackElo "1755"]
[Opening "Bird's opening"]
[ECO "A03"]
[Time "19:15:43"]
[TimeControl "2700+45"]

1. f4 d5 2. Nf3 Nf6 3. b3 e6 4. Bb2 Be7 5. e3 Nbd7 6. Be2 c6 7. O-O O-O 8. h3
Ne4 9. Qe1 Bf6 10. Bxf6 Qxf6 11. c3 g6 12. d3 Nd6 13. g4 b6 14. Rf2 Ba6 15. Na3
Qg7 16. c4 c5 17. Rg2 Qb2 18. Qc1 Qxc1+ 19. Rxc1 Rac8 20. h4 Kg7 21. Kf2 Bb7 22.
Rh1 dxc4 23. Nxc4 Nb5 24. h5 Ba8 25. hxg6 hxg6 26. Rgh2 Rh8 27. Rxh8 Rxh8 28.
Rxh8 Kxh8 29. Nfe5 Nxe5 30. Nxe5 Kg7 31. Bf3 Bxf3 32. Kxf3 {Game drawn by mutual
agreement} 1/2-1/2

[Event "Team 45 45 League T72"]
[Site "Internet Chess Club"]
[Date "2017.03.27"]
[Round "2"]
[White "rubo"]
[Black "Hal2001"]
[Result "1-0"]
[WhiteElo "1635"]
[BlackElo "1560"]
[Opening "Queen's pawn game"]
[ECO "A46"]
[Time "14:22:35"]
[TimeControl "2700+45"]

1. d4 Nf6 2. Nf3 e6 3. Bf4 c5 4. e3 Be7 5. Bd3 Nh5 6. Bg3 Nxg3 7. hxg3 h6 8.
Nbd2 cxd4 9. exd4 Nc6 10. c3 b6 11. Ne4 Bb7 12. Qd2 O-O 13. O-O-O f5 14. Qe2
fxe4 15. Qxe4 Bg5+ 16. Kb1 Kf7 17. Qg6+ Ke7 18. Nxg5 hxg5 19. Be4 Kd6 20. d5 Ne5
21. dxe6+ Kc7 22. Qxg7 Bxe4+ 23. Ka1 Nd3 24. e7 Qe8 25. exf8=Q Qxf8 26. Qd4 Qxf2
27. Rxd3 Qxd4 28. Rxd4 Bxg2 29. Rh7 Bc6 30. b3 Rf8 31. Kb2 Rf2+ 32. Ka3 a5 33.
c4 b5 34. cxb5 Bxb5 35. Rd5 Bc6 36. Rxa5 Rg2 37. Rxg5 {Black resigns} 1-0

[Event "Team 45 45 League T72"]
[Site "Internet Chess Club"]
[Date "2017.03.26"]
[Round "2"]
[White "Gilguli"]
[Black "g8wrb"]
[Result "1-0"]
[WhiteElo "1370"]
[BlackElo "1258"]
[Opening "French: exchange variation"]
[ECO "C01"]
[Time "15:14:21"]
[TimeControl "2700+45"]

1. e4 e6 2. d4 d5 3. exd5 exd5 4. c4 Nf6 5. Nc3 Bb4 6. Bg5 Be6 7. Nf3 O-O 8. Bd3
dxc4 9. Be4 c6 10. Qc2 h6 11. Bxf6 Qxf6 12. O-O-O Bxc3 13. Qxc3 Qf4+ 14. Qe3
Qxe3+ 15. fxe3 Bd5 16. Bf5 Re8 17. e4 Be6 18. Bxe6 Rxe6 19. Ne5 Na6 20. Rhf1 f6
21. Nxc4 Rxe4 22. Nd6 Re2 23. a3 b6 24. Rfe1 Rxe1 25. Rxe1 Kf8 26. Re4 Nc7 27.
Kc2 Rd8 28. Nf5 Re8 29. Kd3 Rxe4 30. Kxe4 Kf7 31. Nd6+ Kg6 32. Nc8 Nb5 33. Ne7+
Kg5 34. Nxc6 Nd6+ 35. Kd5 Nb5 36. a4 Nc7+ 37. Kd6 Na6 38. Nxa7 f5 39. Ke5 Nc7
40. d5 h5 41. d6 Ne8 42. d7 {Black resigns} 1-0

[Event "Team 45 45 League T72"]
[Site "Internet Chess Club"]
[Date "2017.03.24"]
[Round "2"]
[White "Demachaeron"]
[Black "filmdirector"]
[Result "1-0"]
[WhiteElo "1649"]
[BlackElo "1475"]
[Opening "QGD"]
[ECO "D52"]
[Time "19:00:24"]
[TimeControl "2700+45"]

1. d4 d5 2. c4 c6 3. Nc3 e6 4. Nf3 Nf6 5. Bg5 Nbd7 6. e3 h6 7. Bh4 Be7 8. cxd5
exd5 9. Bd3 O-O 10. O-O Re8 11. Re1 Nf8 12. Rc1 b6 13. Qb3 Bb7 14. Ne5 Rc8 15.
e4 Nxe4 16. Bxe7 Rxe7 17. Nxe4 dxe4 18. Rxe4 Ne6 19. Bc4 Nxd4 20. Bxf7+ Kh7 21.
Bg6+ Kh8 22. Nf7+ Rxf7 23. Qxf7 Ba8 24. Rce1 Nf3+ 25. Qxf3 c5 26. Re8+ Qxe8 27.
Rxe8+ Rxe8 28. Qd1 Rc8 29. h4 c4 30. Qd7 Rf8 31. Qxa7 b5 32. Qb6 c3 33. bxc3 Rd8
34. Qxd8# {Black checkmated} 1-0

[Event "Team 45 45 League T72"]
[Site "Internet Chess Club"]
[Date "2017.03.26"]
[Round "2"]
[White "Chesstime2016"]
[Black "anishio"]
[Result "0-1"]
[WhiteElo "1423"]
[BlackElo "1665"]
[Opening "King's pawn game"]
[ECO "C20"]
[Time "20:31:35"]
[TimeControl "2700+45"]

1. e4 e5 2. b3 Nf6 3. Nc3 Bc5 4. Bb2 O-O 5. Bc4 d6 6. h3 Nc6 7. d3 Be6 8. Bxe6
fxe6 9. Na4 Bd4 10. c3 Bb6 11. Nxb6 axb6 12. Nf3 Re8 13. O-O d5 14. Re1 Qd6 15.
a4 Na5 16. b4 Nc6 17. Ba3 dxe4 18. dxe4 Qxd1 19. Raxd1 Rxa4 20. b5 Rxa3 21. bxc6
bxc6 22. Nxe5 Rxc3 23. Rc1 Rxc1 24. Rxc1 Nxe4 25. Rxc6 Re7 26. Rc4 Nd6 27. Ra4
g6 28. Nc6 Rd7 29. Ra8+ Kg7 30. Nb8 Rd8 31. f4 Nb7 32. g4 Nc5 33. f5 exf5 34.
gxf5 Nd7 35. Nxd7 Rxa8 36. f6+ Kf7 {White resigns} 0-1

[Event "Team 45 45 League T72"]
[Site "Internet Chess Club"]
[Date "2017.03.28"]
[Round "2"]
[White "kingphisch"]
[Black "vic20gt"]
[Result "0-1"]
[WhiteElo "1417"]
[BlackElo "1313"]
[Opening "French: King's Indian attack"]
[ECO "C00"]
[Time "15:00:18"]
[TimeControl "2700+45"]

1. e4 e6 2. d3 d5 3. Nd2 Nc6 4. Ngf3 Nf6 5. g3 dxe4 6. dxe4 Bc5 7. Bd3 e5 8. O-O
Bh3 9. Re1 Ng4 10. Re2 Qf6 11. Qe1 O-O-O 12. a3 Rd7 13. Bb5 Rxd2 14. Bxc6 Qxf3
{White resigns} 0-1

[Event "Team 45 45 League T72"]
[Site "Internet Chess Club"]
[Date "2017.03.26"]
[Round "2"]
[White "Constrictor"]
[Black "tuotuo123"]
[Result "0-1"]
[WhiteElo "1566"]
[BlackElo "1418"]
[Opening "Grünfeld: Botvinnik variation"]
[ECO "D95"]
[Time "15:02:13"]
[TimeControl "2700+45"]

1. Nf3 Nf6 2. d4 g6 3. c4 Bg7 4. Nc3 d5 5. e3 O-O 6. Qb3 e6 7. Bd2 Nc6 8. cxd5
exd5 9. Rc1 Na5 10. Qc2 Nc4 11. Bxc4 dxc4 12. O-O Bg4 13. Ne5 Be6 14. Na4 b5 15.
Nc5 Bd5 16. Bb4 a5 17. Bd2 Qd6 18. e4 Bc6 19. Nxc6 Qxc6 20. f3 Nh5 21. Be3 Rfd8
22. d5 Qf6 23. b3 c3 24. Rfd1 Nf4 25. Bd4 Qxd4+ 26. Rxd4 Bxd4+ 27. Kf1 Bxc5 28.
Qxc3 Bb6 29. Qc6 Nd3 30. Rc3 Nb4 31. Qxb5 Nxa2 32. Rc6 Nb4 33. Qc4 Nxc6 34. Qxc6
Rab8 35. h4 Rd6 36. Qc1 Re8 37. Qh6 Re5 38. Qf4 Rh5 39. g4 Rxh4 40. e5 Rxd5 41.
Qa4 Rd2 {White resigns} 0-1

[Event "Team 45 45 League T72"]
[Site "Internet Chess Club"]
[Date "2017.03.25"]
[Round "2"]
[White "sdk"]
[Black "guyd52"]
[Result "0-1"]
[WhiteElo "1346"]
[BlackElo "1330"]
[Opening "English, 1...Nf6 (Anglo-Indian defense)"]
[ECO "E67"]
[Time "12:00:19"]
[TimeControl "2700+45"]

1. c4 Nf6 2. g3 g6 3. Bg2 Bg7 4. Nf3 d6 5. O-O O-O 6. d4 Nbd7 7. Nc3 c6 8. e3 e5
9. Re1 exd4 10. exd4 Nb6 11. b3 Be6 12. Be3 Qc7 13. Ng5 Rfe8 14. Nxe6 Rxe6 15.
Bf4 Rxe1+ 16. Qxe1 Re8 17. Qd2 Qd8 18. a4 Nh5 19. Bg5 Bf6 20. Bxf6 Nxf6 21. Re1
d5 22. c5 Nc8 23. f4 Rxe1+ 24. Qxe1 b6 25. b4 bxc5 26. bxc5 Ne7 27. h3 Nf5 28.
Qf2 h5 29. Kh2 Qa5 30. Qd2 Qb4 31. g4 hxg4 32. hxg4 Nxg4+ 33. Kh3 Nf6 34. Ne4
Qxd2 35. Nxd2 Nxd4 36. Kh2 Ne6 37. Nb3 Nxf4 38. Bh1 Nd3 39. Na5 Ne5 40. Kg3 Nfd7
41. Nb3 Kg7 42. Kf2 Nd3+ 43. Ke2 N3xc5 44. Na5 Ne5 45. Ke3 Nxa4 46. Kd4 Kf6 47.
Nb3 Kf5 48. Nc5 Nxc5 49. Kxc5 Kf4 50. Bg2 f5 51. Bf1 a5 52. Be2 a4 53. Bd1 a3
54. Bb3 g5 55. Kb4 g4 56. Kxa3 g3 57. Ka2 g2 58. Bc2 g1=Q 59. Kb2 Nc4+ 60. Kb3
Qc5 61. Bxf5 Qb5+ 62. Kc3 Kxf5 63. Kd4 Qb6+ 64. Kd3 Qe3+ 65. Kc2 d4 66. Kb1 Qd2
67. Ka1 Qb2# {White checkmated} 0-1

[Event "Team 45 45 League T72"]
[Site "Internet Chess Club"]
[Date "2017.03.27"]
[Round "2"]
[White "tamky70"]
[Black "dinosaurchess"]
[Result "1-0"]
[WhiteElo "1334"]
[BlackElo "1329"]
[Opening "King's Indian: Torre attack"]
[ECO "A48"]
[Time "19:45:28"]
[TimeControl "2700+45"]

1. d4 Nf6 2. Nf3 g6 3. Bg5 d5 4. c3 Bg7 5. Nbd2 O-O 6. e3 Nc6 7. Bd3 Re8 8. O-O
e6 9. Re1 Bd7 10. h3 a6 11. e4 dxe4 12. Nxe4 Na7 13. Nc5 Qc8 14. Ne4 Qd8 15. Qc2
Bc6 16. Ne5 Bxe4 17. Bxe4 Qc8 18. Bf3 Nc6 19. Nxc6 Nd5 20. Bxd5 exd5 21. Ne7+
Rxe7 22. Bxe7 Qd7 23. Re2 Re8 24. Rae1 Bf8 25. Bf6 Rxe2 26. Qxe2 h6 27. Be7 Bxe7
28. Qxe7 Qxe7 29. Rxe7 c6 30. Rxb7 a5 31. Ra7 a4 32. Rxa4 f5 33. Kf1 Kf7 34. Ke2
Ke7 35. Ra7+ Ke6 36. Rb7 h5 37. h4 Kd6 38. a4 c5 39. Rb6+ Kc7 40. dxc5 g5 41.
hxg5 Kd7 42. g6 Ke7 43. a5 Kf8 44. a6 Kg7 45. f4 h4 46. a7 Kh6 47. a8=Q h3 48.
gxh3 Kh5 49. Qh8# {Black checkmated} 1-0

[Event "Team 45 45 League T72"]
[Site "Internet Chess Club"]
[Date "2017.03.23"]
[Round "2"]
[White "Barnabe"]
[Black "chuckh2"]
[Result "1-0"]
[WhiteElo "1667"]
[BlackElo "1442"]
[Opening "French: Two knights variation"]
[ECO "C00"]
[Time "16:00:35"]
[TimeControl "2700+45"]

1. e4 e6 2. Nf3 d5 3. Nc3 d4 4. Ne2 d3 5. Nf4 dxc2 6. Qxc2 Nc6 7. Bb5 Bd7 8. O-O
Bd6 9. d3 Nge7 10. Re1 e5 11. Ne2 O-O 12. Bg5 f6 13. Bd2 Kh8 14. a3 Ng6 15. Rac1
a6 16. Bc4 Nce7 17. h3 c5 18. Qb3 b5 19. Bd5 Rb8 20. Qa2 Qb6 21. Be3 a5 22. b4
Rfc8 23. Bf7 axb4 24. axb4 Ra8 25. bxc5 Rxa2 26. cxb6 Rcc2 27. Rxc2 Rxc2 28. Ra1
Rc8 29. b7 Rf8 30. Ra8 Bc6 31. Rxf8+ Nxf8 32. Bc5 Bxb7 33. Bxd6 Nfg6 34. Nc3 Ba6
35. Nd5 Nc8 36. Bb4 Nf4 37. Nxf4 exf4 38. Kf1 Na7 39. Bd5 g6 40. Ke2 Kg7 41. Nd4
g5 42. Bc5 Nc8 43. Ne6+ Kh8 44. Nc7 {Black resigns} 1-0

[Event "Team 45 45 League T72"]
[Site "Internet Chess Club"]
[Date "2017.03.24"]
[Round "2"]
[White "bmw2002"]
[Black "mongmong"]
[Result "1-0"]
[WhiteElo "1480"]
[BlackElo "1489"]
[Opening "English opening"]
[ECO "A13"]
[Time "22:02:01"]
[TimeControl "2700+45"]

1. c4 e6 2. g3 f5 3. Bg2 Nf6 4. Nc3 Bb4 5. Qc2 O-O 6. a3 Bxc3 7. Qxc3 d6 8. e3
c6 9. b4 Nbd7 10. Ne2 Qc7 11. Nf4 Ne5 12. d4 Nf7 13. Bb2 d5 14. cxd5 exd5 15.
Nxd5 Nxd5 16. Bxd5 Qd6 17. Bg2 Qf6 18. O-O Nd6 19. Qd3 Bd7 20. Qb3+ Be6 21. d5
Bxd5 22. Bxd5+ {Black resigns} 1-0

[Event "Team 45 45 League T72"]
[Site "Internet Chess Club"]
[Date "2017.03.25"]
[Round "2"]
[White "jmdana"]
[Black "BrerRabbit"]
[Result "1-0"]
[WhiteElo "1536"]
[BlackElo "1370"]
[Opening "Pirc: Ufimtsev-Pytel variation"]
[ECO "B07"]
[Time "15:00:15"]
[TimeControl "2700+45"]

1. e4 d6 2. d4 Nf6 3. Nc3 c6 4. Nf3 Bg4 5. h3 Bh5 6. Be2 e6 7. O-O Be7 8. Re1
O-O 9. e5 Nd5 10. exd6 Bxd6 11. Ne4 Be7 12. c4 Nf6 13. Ng3 Bg6 14. Ne5 Nbd7 15.
Nxg6 hxg6 16. c5 Nd5 17. Bf3 N7f6 18. Bd2 Qc7 19. Rc1 Rad8 20. Qa4 a6 21. Ba5
Qb8 22. Bxd8 Rxd8 23. Bxd5 cxd5 24. Qb3 Qa8 25. Qc3 a5 26. c6 Bb4 27. Qb3 Bxe1
28. cxb7 Bxf2+ 29. Kxf2 Qb8 30. Qb6 Qf4+ 31. Ke2 Qxc1 32. Qxd8+ Kh7 33. b8=Q
Qc2+ 34. Ke3 Qc1+ 35. Kf2 Ne4+ 36. Nxe4 g5 37. Qh8+ Kg6 38. Qe5 Qc2+ 39. Kg1
dxe4 40. Qhxg7+ Kh5 41. Qgxg5# {Black checkmated} 1-0

[Event "Team 45 45 League T72"]
[Site "Internet Chess Club"]
[Date "2017.03.25"]
[Round "2"]
[White "rubo"]
[Black "Ajolote"]
[Result "1-0"]
[WhiteElo "1621"]
[BlackElo "1681"]
[Opening "Queen's pawn game"]
[ECO "A46"]
[Time "17:00:44"]
[TimeControl "2700+45"]

1. d4 Nf6 2. Nf3 e6 3. Bf4 Bd6 4. Bxd6 cxd6 5. Nbd2 d5 6. c3 O-O 7. Qc2 d6 8. e3
Nc6 9. e4 Qc7 10. Bd3 dxe4 11. Nxe4 Nxe4 12. Bxe4 h6 13. O-O d5 14. Bh7+ Kh8 15.
Bd3 Bd7 16. Rfe1 Rac8 17. Rac1 Qf4 18. Qe2 Rfe8 19. g3 Qf6 20. Kg2 Re7 21. Bb1
Rce8 22. b4 e5 23. b5 e4 24. Nd2 Na5 25. a4 Qe6 26. Ba2 Qh3+ 27. Kg1 Bg4 28. Qf1
Qh5 29. Re3 b6 30. Qe1 Qg5 31. h4 Qf5 32. Nf1 Re6 33. Nh2 Bf3 34. Qf1 Nb7 35. c4
dxc4 36. Bxc4 R6e7 37. Rce1 Qf6 38. Bd5 Nd6 39. Nxf3 exf3 40. Rxe7 Rxe7 41. Rxe7
Qxe7 42. Bxf3 Qf6 43. Qd3 Kg8 44. Bd5 Qf5 45. Qb3 Kf8 46. Bg2 Ke7 47. d5 Kd7 48.
Qc3 Ke7 49. Qxg7 Qb1+ 50. Kh2 Qe1 51. Qd4 Nf5 52. Qf4 Nd6 53. Bh3 Qe2 54. Kg2 h5
55. Qg5+ f6 56. Qg7+ Nf7 57. Be6 Qe4+ 58. Kh2 Qd4 59. Qxf7+ Kd6 60. Qd7+ Kc5 61.
Qc7+ Kb4 62. Qf4 {Black resigns} 1-0

[Event "Team 45 45 League T72"]
[Site "Internet Chess Club"]
[Date "2017.03.25"]
[Round "2"]
[White "Gilguli"]
[Black "nosir"]
[Result "0-1"]
[WhiteElo "1358"]
[BlackElo "1512"]
[Opening "King's pawn opening"]
[ECO "B07"]
[Time "08:00:52"]
[TimeControl "2700+45"]

1. e4 d6 2. Nf3 g6 3. Bc4 Bg7 4. c3 Nf6 5. Qb3 O-O 6. Ng5 e6 7. f3 Nc6 8. Be2
Na5 9. Qc2 c5 10. d4 cxd4 11. cxd4 Bd7 12. e5 Rc8 13. Nc3 dxe5 14. dxe5 Nd5 15.
h4 Bxe5 16. Nxh7 Kxh7 17. h5 f5 18. hxg6+ Kxg6 19. f4 Nxf4 20. g3 Nxe2 21. Rh6+
Kg7 22. Qxe2 Bxc3+ 23. bxc3 Rh8 24. Qe5+ Kf7 25. Bf4 Nc4 26. Qd4 Rxh6 27. Bxh6
e5 28. Qd5+ Be6 29. Qxb7+ Qd7 30. Qf3 Kg6 31. Rd1 Qc6 32. Qxc6 Rxc6 33. Bc1 Rd6
34. Rxd6 Nxd6 35. Ke2 Ne4 {White resigns} 0-1

[Event "Team 45 45 League T72"]
[Site "Internet Chess Club"]
[Date "2017.03.23"]
[Round "2"]
[White "Toalla"]
[Black "SeniorCitizen"]
[Result "1-0"]
[WhiteElo "1259"]
[BlackElo "1199"]
[Opening "Catalan: closed"]
[ECO "E01"]
[Time "15:01:24"]
[TimeControl "2700+45"]

1. d4 d5 2. c4 e6 3. g3 Nf6 4. Bg2 c6 5. Nf3 Be7 6. Nc3 O-O 7. O-O Nbd7 8. b3
dxc4 9. bxc4 Nb6 10. Qb3 a5 11. a4 h6 12. e4 Bb4 13. Nd2 Qxd4 14. Ne2 Qc5 15.
Bb2 Bxd2 16. Bxf6 Bb4 17. Bc3 Qxc4 18. Qxc4 Nxc4 19. Bxb4 axb4 20. Rfd1 Nb6 21.
a5 Nd7 22. Rdc1 Rd8 23. Rd1 Kf8 24. f4 Ke7 25. e5 Nc5 26. Nd4 Na6 27. Bxc6 Nc5
28. Bg2 Nb3 29. Nxb3 Rxd1+ 30. Rxd1 Ra7 31. Rd4 Bd7 32. Rxb4 Bc6 33. Bxc6 bxc6
34. Kf2 Kd7 35. Ke3 Kc7 36. Kd4 {Black resigns} 1-0

[Event "Team 45 45 League T72"]
[Site "Internet Chess Club"]
[Date "2017.03.26"]
[Round "2"]
[White "QuieroAprender"]
[Black "ascoli"]
[Result "1-0"]
[WhiteElo "1570"]
[BlackElo "1651"]
[Opening "Sicilian: dragon variation"]
[ECO "B70"]
[Time "16:15:53"]
[TimeControl "2700+45"]

1. e4 c5 2. Nf3 d6 3. d4 cxd4 4. Nxd4 Nf6 5. Nc3 g6 6. Bb5+ Bd7 7. O-O Nc6 8.
Nxc6 Bxc6 9. Bxc6+ bxc6 10. b3 Bg7 11. Rb1 Qa5 12. Qe1 Ng4 13. Na4 Qe5 14. g3
Qh5 15. h4 g5 16. Bxg5 Be5 17. f3 Bd4+ 18. Kg2 Ne5 19. Qd1 h6 20. Bf4 Bb6 21.
Nxb6 axb6 22. a4 Rg8 23. Kh3 f5 24. Bxe5 dxe5 25. f4 Qg6 26. Qf3 fxe4 27. Qe3
Qf5+ 28. Kh2 O-O-O 29. fxe5 Qxe5 30. Rf4 Rd4 31. Re1 Qg7 32. g4 Qe5 33. Kh3 h5
34. g5 Qe6+ 35. Kh2 Qd6 36. Kh1 Rd2 37. Qxe4 Rd8 38. Qe6+ Qxe6 39. Rxe6 Rxc2 40.
Kg1 Rd1+ 41. Rf1 Rdd2 42. Rf3 Rg2+ 43. Kf1 Rh2 44. Kg1 Kd7 45. Re4 Rcg2+ 46. Kf1
Rg4 47. Rxg4 hxg4 48. Rf4 Rxh4 49. g6 Rh8 50. g7 Rg8 51. Rxg4 e6 52. b4 Ke7 53.
Ke2 Kf7 54. Ke3 Rxg7 55. Rxg7+ Kxg7 56. a5 {Black resigns} 1-0

[Event "Team 45 45 League T72"]
[Site "Internet Chess Club"]
[Date "2017.03.26"]
[Round "2"]
[White "JohLeb"]
[Black "pcvan"]
[Result "1-0"]
[WhiteElo "1423"]
[BlackElo "1407"]
[Opening "QGD: Tartakower (Makagonov-Bondarevsky) system"]
[ECO "D58"]
[Time "17:00:33"]
[TimeControl "2700+45"]

1. d4 d5 2. c4 e6 3. Nc3 Nf6 4. Nf3 Be7 5. Bg5 O-O 6. e3 h6 7. Bh4 b6 8. Bd3 Bb7
9. O-O c5 10. Rc1 cxd4 11. Nxd4 Nc6 12. Nxc6 Bxc6 13. cxd5 Nxd5 14. Nxd5 Bxd5
15. Bxe7 Qxe7 16. Bb1 Rfd8 17. Qc2 Qg5 18. Qh7+ Kf8 19. e4 Bb7 20. f4 Qg4 21.
Rc7 {Black resigns} 1-0